[Event "Vastgota Open 2023"]
[Site "Skara stadshotell, Jarnvagsgatan 5, Skara, Sweden"]
[Date "2023.02.19"]
[Round "9.12"]
[White "Lind, Jan-Olov"]
[Black "Johansson, Ulf"]
[Result "1-0"]
[TimeControl "15 minutes + 5 seconds per move from move one (Round 1 - 2) / 30 minutes + 10 seconds per move from move one (Round 3 - 9)"]
[WhiteFideId "1701193"]
[BlackFideId "1701380"]
[WhiteElo "2096"]
[BlackElo "2155"]

1. e4 c5 2. Nf3 Nc6 3. d3 g6 4. g3 Bg7 5. Bg2 d6 6. O-O e5 7. c3 Nge7 8. a3 O-O 9. b4 a6 10.
Be3 b6 11. Nbd2 h6 12. Rb1 Be6 13. bxc5 dxc5 14. Nc4 Rb8 15. Qe2 Qc7 16. Rb2 f5 17. exf5 gxf5 18. Bd2 b5 19. Ncxe5 Nxe5 20.
Nxe5 Qxe5 21. Qxe5 Bxe5 22. Re1 Ng6 23. f4 b4 24. axb4 cxb4 25. fxe5 bxc3 26. Rxb8 Rxb8 27. Bxc3 Rb3 28. Rc1 Ne7 29. d4 Nd5 30.
Bxd5 Bxd5 31. Kf2 Kf7 32. Ba1 Ra3 33. Rc7+ Ke6 34. Bc3 Ra2+ 35. Ke3 Rxh2 36. Bb4 f4+ 37. Kxf4 Rf2+ 38. Ke3 Rf3+ 39.
Ke2 Rf7 40. Rc8 Rg7 41. Rh8 Bc4+ 42. Kf2 Kd5 43. Rxh6 Kxd4 44. e6 Bb5 45. Rf6 Rc7 46. e7 Rc2+ 47. Kf3 Ke5 48. Rf8 Rc4 49.
e8=Q+ Bxe8 50. Rxe8+ Kf5 51. Bd2 Ra4 52. Bf4 Ra3+ 53. Kg2 a5 54. Re5+ Kg6 55. Rg5+ Kf6 56. Rb5 a4 57. Ra5 Kg6 58. Kh3 Ra1 59.
Kg4 Kf7 60. Ra6 a3 61. Kf5 a2 62. Ra7+ Ke8 63. Ke6 Re1+ 64. Be5 1-0